 Dungeon Crawl Stone Soup version 0.24.0-1-gfbc8707 (webtiles) character file.

Game seed: 12778140086793071312, levelgen mode: deterministic

429 Geeful the Skirmisher (level 6, -18/56 HPs)
             Began as a Hill Orc Abyssal Knight on Oct 31, 2019.
             Was a Priest of Lugonu.
             Demolished by an orc warrior
             ... wielding a +0 dire flail
              (19 damage)
             ... on level 4 of the Dungeon on Nov 2, 2019.
             The game lasted 00:09:34 (2862 turns).

Geeful the Skirmisher (Hill Orc Abyssal Knight)     Turns: 2862, Time: 00:09:35

Health: -18/56     AC: 10    Str: 17    XL:     6   Next: 98%
Magic:  9/9        EV:  8    Int: 12    God:    Lugonu [***...]
Gold:   138        SH:  0    Dex: 10    Spells: 5/5 levels left

rFire    + . .     SeeInvis .   a - +1 hand axe
rCold    x . .     Gourm    .   (no shield)
rNeg     + . .     Faith    .   l - +0 chain mail (curse)
rPois    .         Spirit   .   b - +0 helmet
rElec    .         Reflect  .   (no cloak)
rCorr    .         Harm     .   (no gloves)
MR       .....                  (no boots)
Stlth    ..........             (no amulet)
HPRegen  0.18/turn              h - ring of fire
MPRegen  0.11/turn              g - ring of positive energy

@: about to teleport
A: no striking features
a: Depart the Abyss, Bend Space, Banish, Renounce Religion


You were on level 4 of the Dungeon.
You worshipped Lugonu.
Lugonu was most pleased with you.
You were not hungry.

You visited 1 branch of the dungeon, and saw 4 of its levels.
You visited the Abyss 1 time.

You collected 138 gold pieces.

Inventory:

Hand Weapons
 a - a +1 hand axe (weapon)
Missiles
 k - 5 curare-tipped darts (quivered)
Armour
 b - a +0 helmet (worn)
 l - a cursed +0 chain mail (worn)
 p - a +0 scale mail of poison resistance
Jewellery
 g - a ring of positive energy (right hand)
 h - a ring of fire (left hand)
Scrolls
 j - a scroll of identify
 n - a scroll of teleportation
Potions
 e - a potion of lignification
 f - a potion of haste
 i - a potion of resistance
 m - a potion of flight {unknown}
 q - a potion of cancellation {unknown}
 r - a potion of might
Comestibles
 c - 6 rations
 d - 2 chunks of flesh


   Skills:
 + Level 5.2 Fighting
 + Level 4.7 Axes
 + Level 3.9 Armour
 + Level 2.5 Dodging
 + Level 4.7 Invocations


You had 5 spell levels left.
You didn't know any spells.
Your spell library was empty.

Dungeon Overview and Level Annotations

Branches:
Dungeon (4/15)
 Temple: D:4-7

Altars:
Fedhas


Message History

Your chain mail prevents you from hitting the orc warrior.
You hit the orc but do no damage.
The orc warrior hits you with a +0 dire flail.
The orc completely misses you.
The orc wizard gestures at you while chanting.
The magic dart hits you!
You barely miss the orc wizard.
The orc wizard is heavily wounded.
You barely miss the orc warrior. You hit the orc but do no damage.
The orc warrior hits you with a +0 dire flail!
* * * LOW HITPOINT WARNING * * *
The orc hits you but does no damage.
The orc wizard points at you and mumbles some strange words.
The magic dart hits you!
* * * LOW HITPOINT WARNING * * *
Okay, then.
As you read the scroll of teleportation, it crumbles to dust.
You feel strangely unstable.
The orc warrior hits you with a +0 dire flail!!
You die...

........# #.........# ........#
#.........#
........#####.........#
........########.........#######
!.......# #.........# ........#
#.....[...# ........ #.........#
....... #oo.......# ..ooo.
#@o.......# ..o..# ###......##
...a<# #......# .....# ).....
.....# ....>. .....# .....
.....# .... .....# ######


You could see an orc warrior, an orc wizard and an orc.

Vanquished Creatures
  Grinder (D:3)
  Ijyb (D:3)
  Terence (D:3)
  A worker ant (D:4)
  Robin (D:1)
  3 adders (D:2)
  5 worms
  2 dart slugs
  3 leopard geckos (D:2)
  3 orcs
  A ball python (D:1)
  7 bats
  A giant cockroach (D:2)
  8 hobgoblins
  13 jackals
  7 frilled lizards
  21 goblins
  8 kobolds
  8 rats
95 creatures vanquished.

Notes
Turn   | Place    | Note
-------+----------+-------------------------------------------
     0 | Abyss:1  | Geeful the Hill Orc Abyssal Knight began the quest for the
                  | Orb.
     0 | Abyss:1  | Reached XP level 1. HP: 19/19 MP: 2/2
    73 | Abyss:1  | Noticed a large abomination
    74 | Abyss:1  | Noticed a lich
    79 | D:1      | Escaped the Abyss
   133 | D:1      | Reached * piety under Lugonu
   188 | D:1      | Reached skill level 1 in Dodging
   188 | D:1      | Reached XP level 2. HP: 23/27 MP: 3/3
   881 | D:2      | Noticed Robin
   882 | D:2      | Reached XP level 3. HP: 28/33 MP: 5/5
   898 | D:1      | Killed Robin
   898 | D:1      | Reached skill level 4 in Fighting
  1106 | D:2      | Reached XP level 4. HP: 36/40 MP: 6/6
  1170 | D:2      | Reached ** piety under Lugonu
  1599 | D:2      | Reached XP level 5. HP: 43/47 MP: 7/7
  1835 | D:3      | Noticed Grinder
  1846 | D:3      | Paralysed by Grinder for 3 turns
  1851 | D:3      | Paralysed by Grinder for 3 turns
  1858 | D:3      | Paralysed by Grinder for 7 turns
  1866 | D:3      | Killed Grinder
  1866 | D:3      | Reached XP level 6. HP: 19/55 MP: 7/9
  2123 | D:3      | Reached skill level 5 in Fighting
  2303 | D:3      | Noticed Ijyb
  2305 | D:3      | Paralysed by Ijyb for 4 turns
  2319 | D:3      | Paralysed by Ijyb for 7 turns
  2327 | D:3      | Paralysed by Ijyb for 2 turns
  2331 | D:3      | Killed Ijyb
  2423 | D:3      | Noticed Terence
  2429 | D:3      | Reached *** piety under Lugonu
  2441 | D:3      | Killed Terence
  2461 | D:3      | Found a blossoming altar of Fedhas.
  2566 | D:3      | Found a faded altar of an unknown god.
  2687 | D:4      | Noticed an orc warrior
  2861 | D:4      | HP: 1/56 [orc wizard/magic dart (7)]
  2862 | D:4      | Demolished by an orc warrior

Levels and vault maps discovered:
D:1:      minmay_arrival_pointy, layout_basic, skrybe_limestone_x
D:2:      layout_rooms, first_ration, uniq_robin
D:3:      kennysheep_the_goblin_king, layout_basic,
          nicolae_overflow_crystal_walls, chequers_ecumenical_altar_twisty,
          uniq_grinder, uniq_terence
D:4:      layout_gridville

Skill      XL: |  1  2  3  4  5  6 |
---------------+-------------------+-----
Dodging        | 1 2 |  2.5
Axes           | 3 4 |  4.7
Invocations    | 3 4 |  4.7
Fighting       | 4 5 |  5.2
Armour         | 3 |  3.9

Action                   |  1- 3 |  4- 6 || total
-------------------------+-------+-------++-------
Melee: Hand axe          |    97 |   267 ||   364
Invok: Depart the Abyss  |     1 |       ||     1
  Use: Scroll            |     5 |     5 ||    10
       Potion            |       |     3 ||     3
  Eat: Chunk             |     1 |     6 ||     7
Armor: Leather armour    |    21 |       ||    21
       Chain mail        |    38 |   204 ||   242
Dodge: Dodged            |    40 |   126 ||   166
